AoeStats
← Matayo

Oasis

509913663Analyzed
3v3 RM · 4d ago on Sep 28, 2026· 49m 31s· 6 players
Game mode
Random Map
Map size
Normal (6 player)
Population
200
Speed
Normal
Resources
Standard
Victory
Conquest
Starting age
Dark Age
Ending age
Imperial Age
RankedLock teamsTeams togetherTeam positionsShared explorationLock speedFull tech treeHidden civsTurbo modeCheats
Victory
Defeat
🇨🇳 Khmer · China
1502
+16
🇨🇳 Koreans · China
1430
+19
🇨🇳 Britons · China
1416
+20
🇨🇿 Georgians · Czechia
1601
-22
🇧🇷 Bulgarians · Brazil
1503
-18
🇨🇿 Byzantines · Czechia
1419
-15
江哥
5:58 Loom
9:40 Feudal Age
10:13 Double-Bit Axe
20:41 Castle Age
18:47 Horse Collar
19:12 Gold Mining
19:27 Stone Mining
20:06 Fletching
20:44 Crossbowman
22:56 Wheelbarrow
22:34 Bow Saw
23:50 Bodkin Arrow
32:19 Hand Cart
35:15 Imperial Age
33:57 Ballistics
33:43 Treadmill Crane
35:35 Gold Shaft Mining
37:20 Chemistry
36:08 Pikeman
36:49 Scale Mail Armor
36:50 Bracer
37:19 Conscription
38:32 Stone Shaft Mining
38:03 Siege Engineers
38:10 Masonry
38:23 Squires
39:04 Eupseong
40:02 Halberdier
40:43 Scale Mail Armor
40:54 Forging
40:53 Arrowslits
42:47 Chain Mail Armor
43:08 Iron Casting
44:54 Plate Mail Armor
46:44 Heavy Plow
47:20 Coinage
48:37 Caravan
49:08 Banking
49:15 Arson
49:36 Scale Barding Armor
世一上、
3:10 Loom
10:11 Feudal Age
16:02 Castle Age
14:54 Double-Bit Axe
17:37 Horse Collar
20:53 Fletching
22:09 Crossbowman
24:21 Ballistics
24:46 Bodkin Arrow
25:46 Padded Archer Armor
28:56 Wheelbarrow
28:39 Gold Mining
31:50 Leather Archer Armor
33:38 Bow Saw
33:29 Heavy Plow
34:51 Stone Mining
39:02 Imperial Age
37:53 Hand Cart
37:33 Treadmill Crane
38:22 Scale Mail Armor
37:43 Pikeman
38:23 Squires
39:28 Arbalester
41:22 Conscription
41:07 Bracer
43:44 Chemistry
2468899547
6:39 Loom
9:11 Feudal Age
9:46 Double-Bit Axe
11:08 Wheelbarrow
10:54 Horse Collar
18:53 Gold Mining
22:02 Castle Age
20:24 Scale Barding Armor
20:30 Forging
21:00 Bloodlines
22:53 Husbandry
23:24 Bow Saw
23:19 Heavy Plow
23:50 Chain Barding Armor
24:10 Gold Shaft Mining
30:00 Hand Cart
29:59 Stone Mining
34:05 Imperial Age
33:43 Devotion
35:39 Plate Barding Armor
35:39 Iron Casting
34:39 Elite Battle Elephant
36:29 Crop Rotation
36:41 Town Watch
38:43 Faith
48:22 Light Cavalry
49:15 Hussar
TmZ_Jx
6:00 Loom
9:12 Feudal Age
12:44 Forging
12:31 Double-Bit Axe
14:08 Horse Collar
16:42 Wheelbarrow
20:13 Castle Age
18:38 Scale Mail Armor
21:22 Squires
21:08 Gambesons
22:04 Bow Saw
23:12 Gold Mining
25:11 Fletching
25:37 Chain Mail Armor
28:55 Pikeman
37:58 Imperial Age
36:20 Ballistics
36:03 Town Watch
36:56 Iron Casting
37:59 Gold Shaft Mining
39:42 Blast Furnace
38:09 Heavy Scorpion
40:15 Chemistry
41:28 Plate Mail Armor
42:28 Capped Ram
46:08 Hand Cart
47:07 Siege Ram
Matayo
6:31 Loom
9:08 Feudal Age
10:37 Double-Bit Axe
12:38 Horse Collar
17:45 Fletching
21:55 Castle Age
20:58 Padded Archer Armor
21:09 Forging
26:08 Elite Skirmisher
26:51 Scale Mail Armor
27:27 Iron Casting
30:58 Bodkin Arrow
31:33 Squires
31:19 Gambesons
31:49 Gold Mining
31:49 Stone Mining
34:05 Thumb Ring
37:33 Wheelbarrow
37:40 Leather Archer Armor
37:53 Chain Mail Armor
41:01 Imperial Age
44:38 Pikeman
45:37 Halberdier
Datel
9:47 Feudal Age
13:37 Castle Age
11:26 Loom
11:44 Double-Bit Axe
14:32 Bow Saw
14:39 Horse Collar
24:11 Wheelbarrow
24:05 Scale Barding Armor
25:00 Chain Barding Armor
26:50 Forging
28:32 Bloodlines
35:09 Imperial Age
33:34 Gold Mining
33:36 Stone Mining
35:31 Iron Casting
35:28 Elite Monaspa
37:01 Plate Barding Armor
37:28 Conscription
38:35 Blast Furnace
37:36 Murder Holes
38:19 Stone Shaft Mining
38:44 Ballistics
38:58 Heavy Plow
41:35 Coinage
41:25 Aznauri Cavalry
42:38 Guard Tower
43:48 Chemistry
42:42 Fletching
43:06 Svan Towers
43:50 Bodkin Arrow
44:51 Keep
46:03 Arrowslits
Connection lost

Rejoining the realm…

Still unreachable

The connection could not be restored.

Session expired

The server has moved on; the page needs a fresh start.